 Dungeon Crawl Stone Soup version 0.21-a0-59-g7b0e191 (webtiles) character file.

383 Eeee the Stinger (level 6, -6/32 HPs)
             Began as a Deep Elf Venom Mage on June 17, 2017.
             Killed from afar by an orc wizard (12 damage)
             ... with a puff of flame
             ... on level 4 of the Dungeon.
             The game lasted 00:06:57 (4137 turns).

Eeee the Stinger (Deep Elf Venom Mage)              Turns: 4137, Time: 00:06:58

Health: -6/32      AC:  3    Str:  5    XL:     6   Next: 47%
Magic:  3/12       EV: 18    Int: 22    God:
Gold:   148        SH:  0    Dex: 15    Spells: 1/11 levels left

rFire    x . .     SeeInvis .   a - +0 rapier
rCold    + . .     Gourm    .   (no shield)
rNeg     . . .     Faith    +   g - +1 robe
rPois    .         Spirit   .   (no helmet)
rElec    .         Reflect  .   (no cloak)
rCorr    .         Harm     .   (no gloves)
MR       .....                  (no boots)
Stlth    ++........             i - amulet of faith
HPRegen  0.10/turn              F - ring of ice
MPRegen  0.13/turn              s - +5 ring of evasion

@: radiating poison
A: no striking features
a: no special abilities


You were on level 4 of the Dungeon.
You were not hungry.

You visited 1 branch of the dungeon, and saw 4 of its levels.

You collected 148 gold pieces.

Inventory:

Hand Weapons
 a - a +0 rapier (weapon)
 e - a +0 club
 m - a +0 short sword
 D - a +4 dagger
Armour
 g - a +1 robe (worn)
Jewellery
 i - an amulet of faith (around neck)
 s - a +5 ring of evasion (right hand)
 y - an uncursed amulet of the gourmand
 A - an uncursed amulet of regeneration
 F - a ring of ice (left hand)
Scrolls
 k - 4 scrolls of enchant armour
 l - a scroll of magic mapping {unknown}
 o - a scroll of remove curse {unknown}
 p - a scroll of immolation {unknown}
 q - 3 scrolls of fog
 t - a scroll of recharging {unknown}
 v - 3 scrolls of teleportation
 w - a scroll of amnesia {unknown}
 C - a scroll of blinking {unknown}
Potions
 d - a potion of lignification {unknown}
 j - a potion of ambrosia {unknown}
 n - a potion of brilliance {unknown}
 x - a potion of heal wounds {unknown}
 z - a potion of berserk rage {unknown}
 B - a potion of mutation
Books
 b - a Young Poisoner's Handbook

   Spells                             Type                      Level
   a - Sting                          Conjuration/Poison           1
   b - Poisonous Vapours              Poison/Air                   2
   c - Mephitic Cloud                 Conjuration/Poison/Air       3
   d - Olgreb's Toxic Radiance        Poison                       4
   e - Venom Bolt                     Conjuration/Poison           5
Comestibles
 c - 5 bread rations
 f - 2 fruits
 h - a meat ration
 u - 3 royal jellies
 E - a chunk of flesh


   Skills:
 - Level 0.4 Short Blades
 - Level 2.4 Dodging
 - Level 2.4 Stealth
 - Level 3.0 Spellcasting
 - Level 4.0 Conjurations
 - Level 1.1 Air Magic
 * Level 6.7 Poison Magic


You had one spell level left.
You knew the following spells:

 Your Spells              Type           Power        Failure   Level  Hunger
a - Sting                 Conj/Pois      ####         1%          1    None
b - Poisonous Vapours     Pois/Air       ###...       3%          2    ##.....
c - Mephitic Cloud        Conj/Pois/Air  ###.....     8%          3    ###....
d - Olgreb's Toxic Radia  Pois           ####....     8%          4    ####...


Dungeon Overview and Level Annotations

Branches:
Dungeon (4/15)
 Temple: D:4-7

Altars:
Elyvilon

Annotations:
D:3 exclusion: door, Grinder


Message History

You start resting.
Something hits you.
* * * LOW HITPOINT WARNING * * *
Casting: Poisonous Vapours
Confirm with . or Enter, or press ? or * to list all spells.
Aiming: Poisonous Vapours
Press: ? - help, Dir - move target cursor You can't see any monster there!
Casting: Poisonous Vapours
Confirm with . or Enter, or press ? or * to list all spells.
Okay, then.
Unknown command.
Casting: Poisonous Vapours
Confirm with . or Enter, or press ? or * to list all spells.
You begin to radiate toxic energy.
You hear some strange, mumbled words.
Something tries to affect you, but you resist.
You hear some strange, mumbled words.
A puff of flame appears from out of thin air!
The puff of flame hits you! The fire burns you terribly!
You die...

#..........#.#
###.####.###.#
#.# #.....#
#.# #######
#.# #.##
##...# #####
#../..###...#
#.....@†....#
#.....###...#
#....# ##.##
#..... #.#
##...# #.#
##.. #.# ...
###.### ##.#
#.....# #
##)## #.#.#.#
#.


There were no monsters in sight!

Vanquished Creatures
  A bullfrog (D:4)
  A scorpion (D:4)
  An orc priest (D:4)
  A bullfrog skeleton (D:4)
  Terence (D:2)
  An orc wizard (D:4)
  8 adders
  An ooze (D:3)
  A worm (D:4)
  A dart slug (D:1)
  5 orcs
  9 bats
  5 giant cockroaches
  6 goblins
  11 hobgoblins
  5 jackals
  A ball python (D:1)
  5 frilled lizards
  12 kobolds
  5 rats
81 creatures vanquished.

Notes
Turn   | Place    | Note
-------+----------+-------------------------------------------
     0 | D:1      | Eeee the Deep Elf Venom Mage began the quest for the Orb.
     0 | D:1      | Reached XP level 1. HP: 10/10 MP: 6/6
   147 | D:1      | Reached XP level 2. HP: 15/15 MP: 5/8
   976 | D:2      | Learned a level 2 spell: Poisonous Vapours
  1074 | D:2      | Reached XP level 3. HP: 11/19 MP: 2/9
  1291 | D:2      | Learned a level 3 spell: Mephitic Cloud
  1379 | D:2      | Noticed Terence
  1386 | D:2      | Killed Terence
  1386 | D:2      | Reached skill level 1 in Air Magic
  1386 | D:2      | Reached XP level 4. HP: 24/24 MP: 1/10
  1610 | D:2      | Found a white marble altar of Elyvilon.
  2012 | D:2      | Reached skill level 4 in Poison Magic
  2551 | D:3      | Noticed Grinder
  2669 | D:3      | Reached XP level 5. HP: 26/28 MP: 4/11
  2791 | D:3      | Learned a level 4 spell: Olgreb's Toxic Radiance
  3395 | D:4      | Reached skill level 5 in Poison Magic
  3680 | D:4      | Reached XP level 6. HP: 8/32 MP: 12/12
  3913 | D:4      | Reached skill level 6 in Poison Magic
  4137 | D:4      | Killed from afar by an orc wizard

Vault maps used:
D:1:      dpeg_arrival_orchard
D:2:      elyvilon_altar_1, uniq_terence
D:3:      kennysheep_big_flooded_room, grunt_decor_clamped,
          kennysheep_generic_room_8, uniq_grinder
D:4:      first_bread

Skill      XL: |  1  2  3  4  5  6 |
---------------+-------------------+-----
Conjurations   | 2 3 4 |  4.0
Air Magic      | 1 |  1.1
Poison Magic   | 4 5 6 |  6.7
Short Blades   | |  0.4
Dodging        | |  2.4
Stealth        | |  2.4
Spellcasting   | |  3.0

Action                   |  1- 3 |  4- 6 || total
-------------------------+-------+-------++-------
Melee: Short sword       |     8 |       ||     8
       Rapier            |       |    63 ||    63
 Cast: Sting             |    49 |    49 ||    98
       Poisonous Vapours |     8 |    40 ||    48
       Olgreb's Toxic Ra |       |     1 ||     1
  Use: Scroll            |       |     6 ||     6
  Eat: Chunk             |     1 |     9 ||    10
       Fruit             |       |     2 ||     2
Armor: Robe              |     4 |     5 ||     9
Dodge: Dodged            |    19 |    50 ||    69
